 Dungeon Crawl Stone Soup version 0.23.2-33-g5129a83184 (webtiles) character file.

Game seed: 7834425160391383197

61 H0rd4k the Magician (level 3, 0/19 HPs)
             Began as a Deep Elf Wizard on July 2, 2019.
             Slain by an adder (2 damage)
             ... on level 2 of the Dungeon.
             The game lasted 00:03:27 (1531 turns).

H0rd4k the Magician (Deep Elf Wizard)               Turns: 1531, Time: 00:03:29

Health: 0/19       AC:  2    Str:  4    XL:     3   Next: 83%
Magic:  9/12       EV: 13    Int: 23    God:
Gold:   73         SH:  0    Dex: 13    Spells: 8/14 levels left

rFire    . . .     SeeInvis .   (no weapon)
rCold    . . .     Gourm    .   (no shield)
rNeg     . . .     Faith    .   a - +0 robe
rPois    .         Spirit   .   b - +0 hat
rElec    .         Reflect  .   (no cloak)
rCorr    .         Harm     .   (no gloves)
MR       .....                  (no boots)
Stlth    ++........             (no amulet)
HPRegen  0.06/turn              (no ring)
MPRegen  0.13/turn              (no ring)

@: lethally poisoned (0 -> -5), very slightly contaminated
A: no striking features
a: no special abilities


You were on level 2 of the Dungeon.
You were not hungry.

You visited 1 branch of the dungeon, and saw 3 of its levels.

You collected 73 gold pieces.

Inventory:

Armour
 a - a +0 robe (worn)
 b - a +0 hat (worn)
Jewellery
 h - a cursed amulet of inaccuracy {unknown}
Wands
 n - a wand of iceblast (9)
Scrolls
 e - 3 scrolls of identify {unknown}
 g - a scroll of amnesia {unknown}
 i - a scroll of teleportation {unknown}
 j - a scroll of fear {unknown}
 l - a scroll of enchant weapon {unknown}
Potions
 c - a potion of magic {unknown}
 f - a potion of curing {unknown}
 k - a potion of resistance {unknown}
 m - a potion of ambrosia {unknown}
Comestibles
 d - 2 rations


   Skills:
 + Level 2.7 Dodging
 + Level 2.8 Stealth
 + Level 6.1 Spellcasting
 + Level 1.6 Conjurations
   Level 1.1 Summonings
 + Level 1.1 Translocations


You had 8 spell levels left.
You knew the following spells:

 Your Spells              Type           Power        Failure   Level  Hunger
a - Magic Dart            Conj           ##..         4%          1    None
b - Blink                 Tloc           N/A          9%          2    None
c - Conjure Flame         Conj/Fire      ##......     19%         3    #......

Your spell library contained the following spells:

 Spells                   Type           Power        Failure   Level  Hunger
 Call Imp                 Summ           ##......     9%          2    None
 Slow                     Hex            #.......     13%         2    None
 Mephitic Cloud           Conj/Pois/Air  #.......     21%         3    #......


Dungeon Overview and Level Annotations

Branches:
Dungeon (3/15)

Altars:
Ashenzari
Trog


Message History

You see here a hobgoblin corpse.
You see here a jackal skeleton.
Things that are here:
a +0 dagger; a kobold skeleton You see here a rat skeleton.
Your magical contamination has completely faded away.
The adder hisses angrily.
The adder bites you.
* * * LOW HITPOINT WARNING * * *
You are poisoned.
The adder poisons you! The adder bites you.
* * * LOW HITPOINT WARNING * * *
Casting: Magic Dart (safe; 4% risk of failure)
Confirm with . or Enter, or press ? or * to list all spells.
You miscast Blink.
You are very lightly contaminated with residual magic.
The world appears momentarily distorted!
* * * LOW HITPOINT WARNING * * *
You feel sick. The adder bites you.
You die...

#.# #.#.#.####>.S........+...
#.# #.#.#..)......l##+####...
#.# #.#.#####.#####.........#
#.# #.#.# #..# #.........#
#.# #.#.# ##.## #.........#
#.###.#.###..######.....†...#
#.....#.##.......##..l......#
#######.##..S....#####'######
##### #.##..@....# #..# #
#...# #.###K###### ##.#####
#...# #.##..# #.....l #.[.#
#.##.## #.##### #...# #.#..#
#.....# #...###.#÷## ####...
#...'...#..## ####.#.
#...######.K## #....#. #...#
##..## ##†####.


You could see an adder and a kobold.

Vanquished Creatures
  An adder (D:2)
  A worm (D:2)
  4 dart slugs (D:1)
  2 goblins
  4 hobgoblins
  5 jackals
  10 bats
  A frilled lizard (D:1)
  5 kobolds
  9 rats
42 creatures vanquished.

Notes
Turn   | Place    | Note
-------+----------+-------------------------------------------
     0 | D:1      | H0rd4k the Deep Elf Wizard began the quest for the Orb.
     0 | D:1      | Reached XP level 1. HP: 10/10 MP: 7/7
   145 | D:1      | Reached skill level 5 in Spellcasting
   211 | D:1      | Reached XP level 2. HP: 15/15 MP: 5/10
   415 | D:1      | You fall through a shaft!
   764 | D:1      | Reached XP level 3. HP: 9/19 MP: 3/12
   806 | D:1      | Learned a level 2 spell: Blink
   810 | D:1      | Learned a level 3 spell: Conjure Flame
  1142 | D:2      | Found a bloodstained altar of Trog.
  1207 | D:2      | Reached skill level 6 in Spellcasting
  1485 | D:3      | Found a shattered altar of Ashenzari.
  1531 | D:2      | Slain by an adder

Skill      XL: |  1  2  3 |
---------------+----------+-----
Spellcasting   | 5 6 |  6.1
Dodging        | |  2.7
Stealth        | |  2.8
Conjurations   | |  1.6
Summonings     | |  1.1
Translocations | |  1.1

Action                   || total
-------------------------++-------
Melee: Unarmed           ||     2
 Cast: Magic Dart        ||   110
  Eat: Chunk             ||     2
Armor: Robe              ||     7
Dodge: Dodged            ||    28
